 Dungeon Crawl Stone Soup version 0.17.1-1-g73c8601 (webtiles) character file.

106 Holeefuk the Chopper (level 4, -1/39 HPs)
             Began as a Hill Orc Fighter on Jan 8, 2016.
             Was an Initiate of Ru.
             Slain by Grinder (5 damage)
             ... while paralysed by Grinder
             ... on level 3 of the Dungeon.
             The game lasted 00:02:50 (1588 turns).

Holeefuk the Chopper (Hill Orc Fighter)             Turns: 1588, Time: 00:02:50

Health: -1/39      AC:  6    Str: 19    XL:     4   Next: 84%
Magic:  4/4        EV:  2    Int:  8    God:    Ru [......]
Gold:   156        SH:  0    Dex: 10    Spells: 0 memorised, 3 levels left

rFire  . . .     SeeInvis .     a - +0 war axe
rCold  . . .     Clarity  .     f - +0 scale mail (curse)
rNeg   . . .     SustAt   .     c - +0 shield
rPois  .         Gourm    .     (no helmet)
rElec  .         Spirit   .     (no cloak)
rCorr  .         Warding  .     (no gloves)
rMut   .         Stasis   .     (no boots)
MR     .....                    (no amulet)
Stlth  ..........               (no ring)
                                (no ring)

@: paralysed, heavily drained, not resistant to hostile enchantments, extremely
unstealthy
A: no striking features
a: Renounce Religion


You were on level 3 of the Dungeon.
You worshipped Ru.
Ru was noncommittal.
You were not hungry.

You visited 1 branch of the dungeon, and saw 3 of its levels.

You collected 156 gold pieces.

Inventory:

Hand Weapons
 a - a +0 war axe (weapon)
Armour
 c - a +0 shield (worn)
 f - a cursed +0 scale mail (worn)
Jewellery
 p - an uncursed ring of magical power {unknown}
Scrolls
 b - a scroll of fear {unknown}
 h - 2 scrolls of teleportation {unknown}
 j - a scroll of enchant armour {unknown}
 l - a scroll of immolation {unknown}
 o - a scroll of random uselessness {unknown}
Potions
 d - a potion of might
 m - a potion of flight {unknown}
 n - a potion of poison {unknown}
Books
 q - a Necronomicon

   Spells                             Type                      Level
   a - Haunt                          Necromancy/Summoning         7
   b - Borgnjor's Revivification      Necromancy                   8
   c - Death's Door                   Charms/Necromancy            8
   d - Necromutation                  Transmutation/Necromancy     8
Comestibles
 e - 2 bread rations
 g - a meat ration
 i - 3 beef jerkies
 k - a royal jelly


   Skills:
 - Level 3.6(1.1) Fighting
 + Level 6.4(3.7) Axes
 - Level 3.2(0.8) Armour
 - Level 3.2(0.8) Shields


You had 3 spell levels left.
You didn't know any spells.

Dungeon Overview and Level Annotations

Branches:
Dungeon (3/15)

Altars:
Kikubaaqudgha
Nemelex Xobeh
Ru
Xom

Annotations:
D:3 Grinder; apoch's ghost, amateur SpFi


Message History

Your shield and scale mail prevent you from hitting Grinder.
You barely miss apoch's ghost. Grinder hits you but does no damage.
Apoch's ghost closely misses you.
You closely miss Grinder. You barely miss apoch's ghost. Grinder hits you.
* * * LOW HITPOINT WARNING * * *
You writhe in agony.
* * * LOW HITPOINT WARNING * * *
Apoch's ghost ducks and says, "Too high!"
You block apoch's ghost's attack. Grinder gestures at you.
You suddenly lose the ability to move!
Apoch's ghost hits you but does no damage.
You feel drained. Grinder hits you but does no damage.
Apoch's ghost hits you but does no damage.
You feel drained. Grinder hits you.
* * * LOW HITPOINT WARNING * * *
You writhe in agony.
You die...

...?W.#####.....†....#
.####..5.§...........#
.# #######..........#
##.........#
#.........# #########
#.........# ........#
####.#.#### ........#
#W5...#
........########@..)#
...............<....#
...........######...###
........##....#.......#
#############.........#
###.......# #.......#
### #...)...# ..#
#######....<..#


You could see Grinder and apoch's ghost.

Vanquished Creatures
  3 gnolls (D:2)
  4 adders (D:2)
  3 giant geckos
  An orc (D:3)
  2 ball pythons (D:1)
  A giant cockroach (D:3)
  5 goblins
  6 hobgoblins
  9 kobolds
  3 bats
  3 giant newts
  2 quokkas (D:2)
  2 rats (D:1)
44 creatures vanquished.

Vanquished Creatures (others)
  5 toadstools (D:1)
5 creatures vanquished.

Grand Total: 49 creatures vanquished

Notes
Turn   | Place    | Note
--------------------------------------------------------------
     0 | D:1      | Holeefuk the Hill Orc Fighter began the quest for the Orb.
     0 | D:1      | Reached XP level 1. HP: 19/19 MP: 1/1
   144 | D:1      | Found a shimmering altar of Xom.
   151 | D:1      | Reached XP level 2. HP: 19/26 MP: 2/2
   249 | D:1      | Reached skill level 4 in Axes
   812 | D:2      | Reached XP level 3. HP: 31/31 MP: 3/3
   863 | D:2      | Reached skill level 5 in Axes
   906 | D:2      | Found a sacrificial altar of Ru.
  1082 | D:2      | Became a worshipper of Ru the Awakened
  1109 | D:2      | Reached XP level 4. HP: 39/39 MP: 4/4
  1197 | D:2      | Reached skill level 6 in Axes
  1224 | D:2      | Found a sparkling altar of Nemelex Xobeh.
  1225 | D:2      | Found an ancient bone altar of Kikubaaqudgha.
  1516 | D:3      | Noticed apoch's ghost (amateur SpFi)
  1525 | D:3      | Noticed Grinder
  1586 | D:3      | Paralysed by Grinder for 3 turns
  1588 | D:3      | Slain by Grinder

Action                   |  1- 3 |  4- 6 || total
-------------------------+-------+-------++-------
Melee: War axe           |    70 |    45 ||   115
  Eat: Chunk             |       |     2 ||     2
